[Event "GrandPrix_30.05"]
[Site "Chess.com"]
[Date "2020.05.30"]
[Round "1"]
[White "Supernotar"]
[Black "grzechu96"]
[Result "1/2-1/2"]
[WhiteElo "2138"]
[BlackElo "2456"]
[TimeControl "600+2"]
[EndTime "8:22:09 PDT"]
[Termination "Game drawn by repetition"]

1. d4 d5 2. c4 c6 3. e3 Nf6 4.
Bd3 Bg4 5. Qc2 e6 6. Nd2 Nbd7 7. Ngf3 Bd6 8. b3 e5 9. dxe5 Nxe5 10. Nxe5 Bxe5 11.
Bb2 Bxb2 12. Qxb2 dxc4 13. Bxc4 O-O 14. a4 Qd6 15. O-O Rad8 16. Nb1 Be6 17. Bxe6 Qxe6 18. Nc3 Qe5 19. Qc2 Ng4 20. g3 Qh5 21. h4 Ne5 22. Rfd1 Nf3+ 23. Kf1 Qg4 24. Rxd8 Rxd8 25. Rd1 Rxd1+ 26. Qxd1 h5 27. Qd8+ Kh7 28. Qd3+ Qg6 29.
Ke2 Ne5 30. Qe4 Nd7 31. Qxg6+ Kxg6 32. Ne4 b6 33. Nd6 Kf6 34. Ne8+ Kg6 35. Nd6 Nc5 36.
Nc8 Nxb3 37. Nxa7 Nc5 38. Nxc6 Nxa4 39. Kd3 Kf5 40. f3 Ke6 41. Kd4 f6 42. e4 Kd6 43.
Nb4 Nc5 44. f4 Nb3+ 45. Kd3 Nc5+ 46. Kd4 Nb3+ 47. Kd3 Nc5+ 48. Kd4 1/2-1/2

[Event "GrandPrix_30.05"]
[Site "Chess.com"]
[Date "2020.05.30"]
[Round "1"]
[White "Grebnev_A"]
[Black "Alexander_Donchenko"]
[Result "0-1"]
[WhiteElo "2204"]
[BlackElo "2737"]
[TimeControl "600+2"]
[EndTime "8:22:11 PDT"]
[Termination "Alexander_Donchenko won by resignation"]

1. c4 e5 2. Nc3 Bb4 3. Nd5 a5 4.
g3 Ne7 5. Nxe7 Qxe7 6. Bg2 O-O 7. a3 Bc5 8. d3 d6 9. e3 f5 10. Ne2 f4 11. Nc3 fxe3 12. Bxe3 Bxe3 13. fxe3 c6 14.
Qe2 Na6 15. Rf1 Be6 16. O-O-O Rxf1 17. Rxf1 Rb8 18. d4 Bf7 19. d5 Nc5 20. dxc6 bxc6 21. Bxc6 e4 22. Rxf7 Kxf7 23. Qh5+ Kg8 24. Qd5+ Kh8 25.
Nxe4 Nxe4 26. Qxe4 Qf6 27. Qd4 Qf1+ 28. Kc2 Qe2+ 29.
Kb1 Qxh2 30. g4 Qe2 31. Bd5 h6 32. Bc6 Rb3 33. Bb5 Rd3 34. Qe4 Qd1+ 35. Ka2 Qb3+ 36.
Ka1 Rd1+ 37. Qb1 Rxb1+ 38. Kxb1 Qxe3 39. Kc2 Qe2+ 40. Kc3 Qxg4 41. b4 Qf3+ 42. Kd4 Qxa3 0-1

[Event "GrandPrix_30.05"]
[Site "Chess.com"]
[Date "2020.05.30"]
[Round "1"]
[White "MasterSonnevanck2"]
[Black "Novoselski"]
[Result "1-0"]
[WhiteElo "2132"]
[BlackElo "2344"]
[TimeControl "600+2"]
[EndTime "8:22:21 PDT"]
[Termination "MasterSonnevanck2 won by resignation"]

1. d4 Nf6 2. c4 e6 3. Nc3 Bb4 4. f3 d5 5. a3 Be7 6. e4 dxe4 7.
fxe4 Nc6 8. Nf3 O-O 9. e5 Ne8 10.
Bd3 f5 11. d5 Nb8 12. O-O g6 13. Kh1 a5 14. Bh6 Ng7 15. Qd2 Na6 16. Rad1 Nc5 17. Bc2 a4 18. Be3 b6 19. Bxc5 bxc5 20. Bxa4 Bb7 21. Qe3 f4 22. Qe2 Nf5 23. Bc2 Ne3 24.
Rfe1 Qe8 25. Be4 c6 26. d6 Bd8 27. Rd2 g5 28. d7 Qf7 29. Rd6 Be7 30. Bxc6 Bxd6 31.
Bxb7 Rab8 32. Bc8 Be7 33. Ne4 g4 34. Nfg5 Bxg5 35. Nxg5 Qe7 36. Nxe6 Qh4 37. Nxf8 Kxf8 38. Qd2 Qd8 39. Qd6+ Kg8 40. e6 Nf5 41. Qxb8 f3 42. Qf4 fxg2+ 43. Kg1 Ne7 44. Qxg4+ Kh8 45. Qxg2 Ng6 46.
Rf1 Qh4 47. Qg3 Qd4+ 48. Kh1 Qe4+ 49. Qg2 Qd4 50. e7 1-0

[Event "GrandPrix_30.05"]
[Site "Chess.com"]
[Date "2020.05.30"]
[Round "1"]
[White "RussianChessFighter"]
[Black "DanielDardha2005"]
[Result "0-1"]
[WhiteElo "2121"]
[BlackElo "2505"]
[TimeControl "600+2"]
[EndTime "8:22:31 PDT"]
[Termination "DanielDardha2005 won by resignation"]

1. c4 c5 2. Nc3 Nc6 3. g3 g6 4.
Bg2 Bg7 5. Nh3 e5 6. O-O Nge7 7. d3 O-O 8. a3 d6 9. Rb1 a5 10. f4 Bxh3 11. Bxh3 exf4 12. Bxf4 d5 13. cxd5 Nxd5 14.
Nxd5 Qxd5 15. Bg2 Qd7 16. Kh1 Rad8 17. Qb3 Kh8 18. Rbc1 Rfe8 19. Bg5 f6 20. Bxf6 Bxf6 21. Rxf6 Nd4 22. Qxb7 Qxb7 23. Bxb7 Rxe2 24. Rxc5 Kg7 25.
Rf1 Rxb2 26. Rc7+ Kh6 27. Rff7 Re8 28. Be4 Kg5 29. Rxh7 Nf5 30. Rc5 Ra2 31. Rg7 Kh6 32. Rb7 Ne3 33. Rb1 Rf8 34. Rcc1 Rff2 35. Re1 Ng4 36. h4 Rh2+ 37. Kg1 Rh3 38. Bg2 Rxg3 0-1

[Event "GrandPrix_30.05"]
[Site "Chess.com"]
[Date "2020.05.30"]
[Round "1"]
[White "Flawless_Fighter"]
[Black "EvgenyRomanov"]
[Result "1/2-1/2"]
[WhiteElo "2281"]
[BlackElo "2051"]
[TimeControl "600+2"]
[EndTime "8:22:32 PDT"]
[Termination "Game drawn by repetition"]

1. e4 e6 2. d4 d5 3. Nd2 Nf6 4. e5 Nfd7 5. Bd3 c5 6. c3 b6 7. a4 Ba6 8. Bb5 Bb7 9. Ne2 c4 10. a5 a6 11. Bxd7+ Nxd7 12. axb6 Nxb6 13. O-O a5 14.
Nf3 Be7 15. Nf4 h5 16. h4 a4 17.
Ng5 Bxg5 18. hxg5 g6 19. Qc2 Qe7 20. Re1 Bc6 21. Re3 Nc8 22. Rf3 Rg8 23. Rh3 Qb7 24. f3 Ne7 25. g4 hxg4 26. fxg4 Kd7 27. Rh7 Raf8 28. Qh2 Qb3 29. Be3 a3 30. Rxa3 Qd1+ 31. Kf2 Qxg4 32. Ra7+ Kd8 33. Ne2 Qf5+ 34. Bf4 Nc8 35.
Ra1 Qc2 36. Bc1 Kc7 37. Qf4 Rh8 38. Rxf7+ Rxf7 39. Qxf7+ Bd7 40. Bf4 Rh3 41. Rg1 Qe4 42.
Bg3 Qc2 43. Bf4 Qe4 44. Bg3 Qc2 45. Bf4 1/2-1/2

[Event "GrandPrix_30.05"]
[Site "Chess.com"]
[Date "2020.05.30"]
[Round "1"]
[White "PlayChessSimple"]
[Black "GeorgMeier"]
[Result "0-1"]
[WhiteElo "2184"]
[BlackElo "2649"]
[TimeControl "600+2"]
[EndTime "8:22:38 PDT"]
[Termination "GeorgMeier won by resignation"]

1. e4 e6 2. d4 d5 3. e5 c5 4. c3 Nc6 5. Nf3 Qb6 6. Be2 cxd4 7.
cxd4 Nh6 8. Bxh6 gxh6 9. Qd2 Bg7 10. Nc3 O-O 11. O-O f6 12. exf6 Rxf6 13. Na4 Qc7 14. Rac1 Qf4 15. Qe3 Rf7 16. Rfd1 Rb8 17. Nc5 Qd6 18.
b4 a6 19. a3 Rf8 20. g3 Ne7 21.
Ne5 Nf5 22. Qc3 Nxd4 23. Qxd4 Bxe5 24. Qg4+ Bg7 25. Qh5 Kh8 26. Bg4 b6 27. Nd3 Bd7 28. Nf4 Rxf4 29. gxf4 Qxf4 30. Qh3 Bb2 31. Rc2 Be5 32.
Bxe6 Rg8+ 33. Kf1 Bb5+ 34. Rd3 Qe4 35. Bf5 Qh1+ 36. Ke2 Bf4 37. Rc3 Re8+ 38. Be6 Qe4+ 39. Kf1 Qh1+ 40. Ke2 Qe4+ 41. Kf1 Qxe6 42. Qxe6 Rxe6 43.
Rc8+ Kg7 0-1

[Event "GrandPrix_30.05"]
[Site "Chess.com"]
[Date "2020.05.30"]
[Round "1"]
[White "Guenplen"]
[Black "ploky25"]
[Result "1-0"]
[WhiteElo "2522"]
[BlackElo "2129"]
[TimeControl "600+2"]
[EndTime "8:22:39 PDT"]
[Termination "Guenplen won by resignation"]

1. d4 Nf6 2. Bf4 d5 3. e3 c5 4.
c3 e6 5. Nd2 Bd6 6. Bg3 O-O 7.
Ngf3 Qc7 8. Ne5 Nc6 9. f4 Ne7 10. Bd3 Nf5 11. Bf2 Be7 12. g4 Nd6 13. Qb1 b6 14.
Bh4 Nfe4 15. Bxe7 Qxe7 16. g5 Bb7 17. Qc2 Rac8 18. Bxe4 dxe4 19. dxc5 Rxc5 20. Nb3 Rc7 21. Nd4 Bd5 22. Rg1 b5 23. a3 a5 24. Ng4 Kh8 25. Rg3 b4 26. axb4 axb4 27. Rh3 bxc3 28.
bxc3 Nf5 29. Qf2 f6 30. g6 h6 31. Nxf5 exf5 32. Nxh6 gxh6 33. Rxh6+ Kg8 34. Qh4 Qg7 35. Rh7 Qxg6 36. Rxc7 Qg1+ 37. Ke2 Bc4+ 38. Rxc4 Qxa1 39. Rc7 Qb2+ 40. Kf1 Qc1+ 41. Qe1 Qxe1+ 42. Kxe1 Rb8 43.
c4 Rb2 44. h4 Rh2 45. c5 Kf8 46. c6 Ke8 47. Rh7 Kd8 48. h5 Kc8 49. h6 Rh5 50.
Rh8+ Kc7 51. h7 1-0

[Event "GrandPrix_30.05"]
[Site "Chess.com"]
[Date "2020.05.30"]
[Round "1"]
[White "Sanan_Sjugirov"]
[Black "bratkoo"]
[Result "1-0"]
[WhiteElo "2646"]
[BlackElo "2179"]
[TimeControl "600+2"]
[EndTime "8:22:42 PDT"]
[Termination "Sanan_Sjugirov won by resignation"]

1. e4 e6 2. d4 d5 3. Nd2 c5 4.
Ngf3 Nf6 5. exd5 exd5 6. Bb5+ Bd7 7. Bxd7+ Nbxd7 8. O-O Be7 9. dxc5 Nxc5 10. Re1 O-O 11. Nf1 Nce4 12. Be3 Bd6 13. Bd4 Re8 14. Ne3 Qd7 15. c3 Bf4 16. Qc2 Qc7 17. Rad1 Bxe3 18. Bxe3 a6 19. h3 Rad8 20. Qb3 b5 21. Bd4 Re6 22. Re3 Rde8 23. Rde1 h6 24. a4 Qc4 25. Qxc4 bxc4 26. Nh4 Nd6 27. Bxf6 Rxe3 28. fxe3 gxf6 29. Rd1 Rxe3 30. Rxd5 Ne4 31. Nf5 Re1+ 32. Kh2 Kh7 33. Rd4 Re2 34. Rxc4 Nd2 35. Rf4 Nb3 36. Ng3 Re6 37.
Rb4 Nc5 38. a5 Re5 39. Rb6 Na4 40. Rxa6 Nxb2 41. Rxf6 Rxa5 42. Rxf7+ Kg6 43. Rc7 Nd3 44. Rc6+ Kh7 45. Rd6 Nf4 46. Rd4 Nd5 47. c4 Nb6 48. Re4 Rc5 49. Re7+ Kg8 50. Re6 Nxc4 51. Rxh6 Ne3 52.
Re6 Rc3 53. Ne2 Ra3 54. Nf4 Kf7 55. Re4 Nf5 56. Re2 Kf6 57. Nd5+ Kg5 58. Re5 Kg6 59. Ne7+ Nxe7 60. Rxe7 Kg5 61. Rg7+ Kh5 62. Rg3 Ra2 63. Rf3 Rb2 64. Kg3 Kg5 65. h4+ Kg6 66. Kh3 Rb1 67. g3 Rb4 68. Rf4 Rb1 69. Kg4 Rb3 70.
h5+ Kh6 71. Kh4 Rb1 72. Rf6+ Kg7 73. Rg6+ Kh7 74. g4 Rb6 75. Rxb6 1-0

[Event "GrandPrix_30.05"]
[Site "Chess.com"]
[Date "2020.05.30"]
[Round "1"]
[White "Haapana"]
[Black "OhanyanEminChess"]
[Result "0-1"]
[WhiteElo "2373"]
[BlackElo "2103"]
[TimeControl "600+2"]
[EndTime "8:22:42 PDT"]
[Termination "OhanyanEminChess won on time"]

1. d4 Nf6 2. c4 c5 3. d5 b5 4.
cxb5 a6 5. bxa6 g6 6. Nc3 Bg7 7. e4 O-O 8. a7 Rxa7 9. Nf3 d6 10. Be2 Qa5 11. O-O Ba6 12. Re1 Nbd7 13. a4 Rb8 14.
Bd2 Bxe2 15. Rxe2 Qa6 16. Rb1 Ne8 17. Nb5 Rab7 18. Bg5 Kf8 19. b3 Nc7 20. Nxc7 Rxc7 21.
Rc1 Rcb7 22. Nd2 Ne5 23. Re3 Rb4 24. Qf1 Qa7 25. Bf4 Nd7 26. Rh3 h5 27. Qe2 Nf6 28. Kh1 Kg8 29. f3 Re8 30. g4 e6 31. dxe6 Rxe6 32. Bg5 hxg4 33. fxg4 Nxe4 34. Nxe4 Rbxe4 35. Qf2 Qb7 36. Qg2 Re1+ 0-1

[Event "GrandPrix_30.05"]
[Site "Chess.com"]
[Date "2020.05.30"]
[Round "1"]
[White "esskeettit"]
[Black "lilleper1"]
[Result "0-1"]
[WhiteElo "2105"]
[BlackElo "2452"]
[TimeControl "600+2"]
[EndTime "8:22:46 PDT"]
[Termination "lilleper1 won by resignation"]

1. d4 Nf6 2. c4 e6 3. Nc3 Bb4 4. e3 O-O 5. Bd3 c5 6. Ne2 cxd4 7. exd4 d5 8. cxd5 Nxd5 9. O-O Nc6 10. a3 Bd6 11.
Ne4 Bc7 12. Bg5 Nce7 13. Rc1 b6 14. Bb1 f6 15. Be3 Nf5 16. Qd3 a5 17. Rfe1 Ba6 18.
Qd2 Rc8 19. N2g3 Nfxe3 20. fxe3 f5 21. Nc3 Bb7 22. Nce2 Qg5 23. Ba2 Kh8 24. Bxd5 Bxd5 25.
Nf4 Bxf4 26. exf4 Qg4 27. Nf1 Be4 28. Ng3 Bd5 29. Rxc8 Rxc8 30. Rc1 Rxc1+ 31. Qxc1 h5 32. Qd2 h4 33. Nf1 h3 34. Ne3 Qxf4 35. gxh3 Qg5+ 36. Kf1 Be4 37. Qe2 Qh4 38. Qf2 Bd3+ 39. Ke1 Qxd4 40. Qf3 Qh4+ 41. Kd2 Be4 42. Qf1 Qf6 43. Kc1 Qd4 44. Qe2 Kg8 45. Nc2 Qc5 46. Qd2 Qxc2+ 47. Qxc2 Bxc2 48. Kxc2 e5 49. Kc3 Kf7 50.
Kc4 Ke6 51. Kb5 e4 52. Kc4 Ke5 0-1

[Event "GrandPrix_30.05"]
[Site "Chess.com"]
[Date "2020.05.30"]
[Round "1"]
[White "matej2221"]
[Black "Funo09"]
[Result "0-1"]
[WhiteElo "2185"]
[BlackElo "2663"]
[TimeControl "600+2"]
[EndTime "8:22:49 PDT"]
[Termination "Funo09 won by resignation"]

1. e4 c5 2. Nf3 Nf6 3. e5 Nd5 4. Nc3 e6 5. g3 Nc6 6. Bg2 d6 7. exd6 Bxd6 8. O-O O-O 9. Re1 b6 10.
Nb5 Bb7 11. c4 Nc7 12. d4 Nxb5 13. cxb5 Nb4 14. a3 Nd5 15. dxc5 Bxc5 16. b4 Be7 17. Bb2 Bf6 18. Bxf6 Qxf6 19. Ne5 Rfd8 20. Qf3 Rac8 21. Rad1 Rc3 22. Qxf6 gxf6 23. Ng4 Kg7 24. Ne3 Nxe3 25. Rxd8 Nxg2 26. Ra1 Rc7 27. a4 e5 28. a5 Bf3 29. axb6 axb6 30. Rb8 Rc4 31. Rxb6 Rxb4 32. Rb8 f5 33. b6 h5 34. Re8 e4 35. Rb8 f4 36. b7 e3 37. fxe3 fxe3 38. h4 e2 39. Kf2 e1=Q+ 40. Rxe1 Nxe1 41. Kxe1 Rxb7 42. Rxb7 Bxb7 0-1

[Event "GrandPrix_30.05"]
[Site "Chess.com"]
[Date "2020.05.30"]
[Round "1"]
[White "Salnaa"]
[Black "rasmussvane"]
[Result "0-1"]
[WhiteElo "2160"]
[BlackElo "2555"]
[TimeControl "600+2"]
[EndTime "8:22:52 PDT"]
[Termination "rasmussvane won by resignation"]

1. d4 d5 2. c4 e6 3. Nc3 a6 4.
cxd5 exd5 5. Nf3 Nf6 6. Bg5 Be6 7. Bxf6 Qxf6 8. Qb3 Ra7 9. e3 Qd8 10. Bd3 Bd6 11.
O-O O-O 12. Na4 Nd7 13. Rfc1 c6 14. Rab1 Bg4 15. Nd2 Re8 16. Qc2 Qh4 17. Nf1 Raa8 18. b4 Re6 19. h3 Rh6 20. Bf5 Bxf5 21. Qxf5 Qe7 22. Nc5 Nb6 23. Nd2 Rf6 24. Qd3 Rg6 25. a4 Qg5 26. Qf1 Rb8 27. b5 cxb5 28. axb5 a5 29.
Ra1 Qh4 30. Kh1 Rf6 31. Nf3 Qh5 32. Rxa5 g5 33. g4 Qg6 34. Kg2 h5 35. Qd3 Qh6 36.
e4 hxg4 37. hxg4 Rf4 38. e5 Rxg4+ 39. Kf1 Qh1+ 40. Ke2 Qxc1 41. exd6 Nc4 42. d7 Qb2+ 43. Nd2 Rxd4 44. Ra2 Rxd3 45. Rxb2 Nxb2 46. Nxd3 Nxd3 47. Kxd3 Rd8 48. Kd4 Rxd7 49. Nf1 Kg7 50. Ne3 Kf6 0-1

[Event "GrandPrix_30.05"]
[Site "Chess.com"]
[Date "2020.05.30"]
[Round "1"]
[White "Alex_Molchanov"]
[Black "GM_LOADING"]
[Result "1-0"]
[WhiteElo "2065"]
[BlackElo "2311"]
[TimeControl "600+2"]
[EndTime "8:22:55 PDT"]
[Termination "Alex_Molchanov won by checkmate"]

1. c4 e6 2. g3 Nf6 3. Bg2 d5 4. Nf3 d4 5. O-O c5 6. e3 Nc6 7.
exd4 cxd4 8. d3 Bd6 9. Bg5 h6 10. Bxf6 Qxf6 11. a3 a5 12. Nbd2 Qe7 13. Rc1 O-O 14. Re1 Rd8 15. Nh4 Qf8 16. f4 g5 17.
fxg5 hxg5 18. Qg4 Qg7 19. Nhf3 Be7 20. Qh5 g4 21. Nh4 a4 22. Re4 f5 23. Re2 Bd7 24.
Nxf5 exf5 25. Bd5+ Kf8 26. Rf1 Bf6 27. Ne4 Ne7 28. Nc5 Nxd5 29. cxd5 Rac8 30. Ne6+ Bxe6 31. Rxe6 Rxd5 32. Rxf5 Rxf5 33. Qxf5 Rc1+ 34. Kf2 Kf7 35. Qd5 Qh6 36. Re4+ Kg7 37. Qd7+ Kg6 38. Rxg4+ Kh5 39.
Qf5+ Bg5 40. Rh4# 1-0

[Event "GrandPrix_30.05"]
[Site "Chess.com"]
[Date "2020.05.30"]
[Round "1"]
[White "Valeriy_Neverov"]
[Black "Igor_Lysyj"]
[Result "0-1"]
[WhiteElo "2181"]
[BlackElo "2661"]
[TimeControl "600+2"]
[EndTime "8:23:01 PDT"]
[Termination "Igor_Lysyj won by resignation"]

1. d4 Nf6 2. c4 e6 3. Nf3 d5 4.
cxd5 exd5 5. Nc3 c6 6. Bg5 h6 7.
Bh4 Bf5 8. e3 Nbd7 9. Bd3 Bxd3 10. Qxd3 Be7 11. O-O O-O 12. h3 a5 13. Bg3 Re8 14. Ne5 Nxe5 15. Bxe5 Nd7 16. Bg3 Nb6 17. Rae1 Bd6 18. Bxd6 Qxd6 19. Re2 Rad8 20. Rfe1 Re6 21. a4 Qb4 22. Qc2 Rde8 23. b3 Nc8 24. Na2 Qb6 25.
Nc1 Nd6 26. Nd3 Qd8 27. Nc5 R6e7 28. f3 Qc8 29. Qc3 Qc7 30. e4 dxe4 31. fxe4 b6 32. e5 Nf5 33. Nd3 Rd8 34. Re4 Qd7 35. b4 Nxd4 36.
bxa5 bxa5 37. Nc5 Qd5 38. Kh1 Ne6 39. Rc4 Qd2 40. Qxd2 Rxd2 41. Nb3 Rd5 42. Rxc6 Rb7 43. Re3 Rb4 44. Rc8+ Kh7 45. Kh2 Rxa4 46. Nc1 Rd2 47. Nb3 Rb2 48. Nc5 Rc4 0-1

[Event "GrandPrix_30.05"]
[Site "Chess.com"]
[Date "2020.05.30"]
[Round "1"]
[White "Nodar_Lortkipanidze"]
[Black "Forking_U"]
[Result "1-0"]
[WhiteElo "2586"]
[BlackElo "2158"]
[TimeControl "600+2"]
[EndTime "8:23:08 PDT"]
[Termination "Nodar_Lortkipanidze won on time"]

1. e4 e5 2. Nf3 Nc6 3. d4 exd4 4. Nxd4 Nf6 5. Nxc6 bxc6 6. e5 Qe7 7. Qe2 Nd5 8.
c4 Nb6 9. Nd2 a5 10. Qe3 f6 11.
exf6 Qxe3+ 12. fxe3 gxf6 13. Be2 Bh6 14. Bh5+ Ke7 15. b3 d5 16. Ba3+ Ke6 17. O-O-O Rg8 18. Nf3 Rxg2 19. Nd4+ Kd7 20. Kb1 Bxe3 21. Rhe1 Bxd4 22.
Rxd4 c5 23. Rf4 Rxh2 24. Be8+ Kd8 25. Bc6 Bd7 26. Bxa8 Nxa8 27. cxd5 f5 28. Bxc5 Nb6 29. d6 Nd5 30. Rf3 f4 31. Ka1 Bg4 32. Rd3 c6 33.
Re7 Bf5 34. Rxd5 cxd5 35. Bb6+ Kc8 36. Rc7+ Kb8 37. d7 Bxd7 38. Rxd7 h5 39. Rf7 h4 40. Bc7+ Kc8 41. Bxf4 Rf2 42. Rc7+ Kd8 43. Bd6 h3 44.
Rh7 Rf3 45. Kb2 Ke8 46. Rh5 1-0

[Event "GrandPrix_30.05"]
[Site "Chess.com"]
[Date "2020.05.30"]
[Round "1"]
[White "switlave"]
[Black "ZoranRunic1"]
[Result "1-0"]
[WhiteElo "2172"]
[BlackElo "2298"]
[TimeControl "600+2"]
[EndTime "8:23:08 PDT"]
[Termination "switlave won on time"]

1. d4 Nf6 2. Bf4 c5 3. e3 e6 4. c3 b6 5. Nf3 Bb7 6. Bd3 Be7 7. Nbd2 O-O 8. e4 Nc6 9. a3 d6 10. O-O e5 11. Be3 Ng4 12. dxc5 Nxe3 13. fxe3 dxc5 14. Qe2 Qc7 15. Ba6 Rad8 16. Rfd1 g6 17. b4 Kg7 18.
Nb3 Nb8 19. Bxb7 Qxb7 20. Qc4 Rc8 21. b5 Nd7 22. Qd5 Qxd5 23. exd5 c4 24. Nbd2 f5 25.
a4 g5 26. h3 h5 27. g4 Bc5 28. Nxc4 fxg4 29. Nxg5 Kg6 30. Ne6 Rf3 31. hxg4 hxg4 32. a5 Rh8 33. axb6 Rg3+ 34. Kf2 Rf3+ 35. Ke2 Bxb6 36. Rg1 Rh2+ 37. Kd3 Kf5 38. Nd6+ Kf6 39. Rxg4 Rxe3+ 40. Kc4 Rf2 41. Rag1 Ke7 42. Nc8+ Ke8 43. Rg8+ Nf8 44. R1g7 Re4+ 45. Kb3 1-0

[Event "GrandPrix_30.05"]
[Site "Chess.com"]
[Date "2020.05.30"]
[Round "1"]
[White "madamDD"]
[Black "Saqo007"]
[Result "1/2-1/2"]
[WhiteElo "2417"]
[BlackElo "2134"]
[TimeControl "600+2"]
[EndTime "8:23:10 PDT"]
[Termination "Game drawn by agreement"]

1. e4 c5 2. Nc3 d6 3. f4 Nc6 4. Nf3 g6 5. Bb5 Bg7 6. Bxc6+ bxc6 7. d3 e6 8. e5 d5 9. O-O Ne7 10. Na4 Qa5 11. c4 O-O 12. b3 dxc4 13. dxc4 Rd8 14.
Bd2 Qc7 15. Qe2 Nf5 16. Nxc5 Qb6 17. Qf2 a5 18. Rfd1 Bf8 19. Ne4 Qxf2+ 20. Kxf2 a4 21. b4 Ba6 22. c5 Bc4 23. Nd6 Bd5 24. Bc3 h5 25. Ng5 Nxd6 26. cxd6 a3 27. Bd4 Bg7 28. h3 Ra4 29. Bc3 c5 30. bxc5 Rxf4+ 31. Ke3 Rf5 32. Nf3 Bxf3 33. gxf3 Bxe5 34. Bxe5 Rxe5+ 35. Kd4 Rf5 36. Rd3 Kf8 37. Rxa3 Ke8 38. Rb1 Rc8 39. Ra5 Rd5+ 40.
Kc4 Rxd6 41. Rb7 Rd7 42. Rxd7 Kxd7 43. Ra7+ Kc6 44. Rxf7 Ra8 45. Rf6 Ra4+ 46. Kb3 Rh4 47.
Rxe6+ Kxc5 48. Rxg6 Rxh3 49. Rf6 h4 50. Rf5+ Kb6 51.
Kb4 Rh1 52. Rf6+ Kb7 53. Rh6 h3 54. a4 h2 55. Ka5 Rf1 56. Rh7+ Ka8 57. Rxh2 Rxf3 58.
Rh5 Rf6 59. Rc5 Rg6 60. Kb5 Rh6 61. a5 Rg6 62. Rf5 Kb7 63. Rf7+ Kb8 64. a6 Rg1 65. Kb6 Rb1+ 66. Kc6 Rc1+ 67. Kb6 Rb1+ 68. Kc6 Rc1+ 69. Kb6 1/2-1/2

[Event "GrandPrix_30.05"]
[Site "Chess.com"]
[Date "2020.05.30"]
[Round "1"]
[White "WhiteCapital80"]
[Black "Eltaj_Safarli"]
[Result "1-0"]
[WhiteElo "2264"]
[BlackElo "2457"]
[TimeControl "600+2"]
[EndTime "8:23:16 PDT"]
[Termination "WhiteCapital80 won by resignation"]

1. e4 e5 2. Nf3 Nc6 3. Bb5 a6 4. Ba4 d6 5. c3 Bd7 6. d4 g6 7. O-O Bg7 8. dxe5 Nxe5 9. Nxe5 dxe5 10. Bg5 Nf6 11. f3 h6 12. Be3 O-O 13. Bxd7 Qxd7 14. Qxd7 Nxd7 15. Rd1 Rfd8 16. Nd2 Bf8 17. Nc4 a5 18. Rd5 c6 19. Rxa5 b5 20. Rxa8 Rxa8 21.
Nb6 Nxb6 22. Bxb6 c5 23. c4 bxc4 24. a4 f5 25. a5 Kf7 26. Rc1 Ke6 27. Rxc4 Bd6 28.
Kf2 Kd7 29. Ke3 f4+ 30. Kd3 g5 31. Rc2 h5 32. Kc4 Kc6 33. Rd2 g4 34. Rd5 h4 35.
Bxc5 Bc7 36. b4 h3 37. gxh3 gxf3 38. b5+ Kb7 39. a6+ Kc8 40. Rd3 Bd8 41. Rxf3 Kd7 42. Kd5 Bc7 43. a7 Rg8 44. b6 Bxb6 45. Bxb6 Rh8 46.
Rb3 Rf8 47. Bc5 Rg8 48. Rb7+ 1-0

[Event "GrandPrix_30.05"]
[Site "Chess.com"]
[Date "2020.05.30"]
[Round "1"]
[White "AvitalBor"]
[Black "BakaPG"]
[Result "0-1"]
[WhiteElo "2624"]
[BlackElo "2274"]
[TimeControl "600+2"]
[EndTime "8:23:21 PDT"]
[Termination "BakaPG won by checkmate"]

1. e4 e6 2. d4 d5 3. Nd2 a6 4. Ngf3 Nf6 5. Bd3 c5 6. exd5 exd5 7. O-O c4 8. Re1+ Be7 9. Bf1 Bg4 10. h3 Bh5 11. b3 cxb3 12. axb3 O-O 13. c4 Nc6 14. Bb2 Bb4 15. Be2 Re8 16. Ne5 Bg6 17. Nxg6 hxg6 18.
Rf1 Qd7 19. Nf3 Bd6 20. cxd5 Nxd5 21. Bc4 Ncb4 22. Ne5 Bxe5 23. dxe5 b5 24. Be2 Rad8 25. Bg4 Qe7 26. Qf3 Nc6 27. Rfe1 Ndb4 28. Rad1 Rxd1 29. Qxd1 Rd8 30. Qf3 Nd3 31. Re3 Ncb4 32. Bc3 Qc7 33. Bd2 a5 34. h4 Nxe5 35. Rxe5 Qxe5 36. Bc3 Qd5 37. Qe3 Nc2 38. Qe7 b4 39. Bb2 Nd4 40. h5 Nc6 41. Qc7 Qd6 42. Qb7 Ne5 43. hxg6 Nxg6 44.
Be2 Qd5 45. Qc7 Re8 46. Bc4 Re1+ 47. Kh2 Qh5+ 48. Kg3 Qg5+ 49. Kf3 Nh4# 0-1

[Event "GrandPrix_30.05"]
[Site "Chess.com"]
[Date "2020.05.30"]
[Round "1"]
[White "viktorskliarov"]
[Black "DenLaz"]
[Result "1/2-1/2"]
[WhiteElo "2216"]
[BlackElo "2665"]
[TimeControl "600+2"]
[EndTime "8:23:23 PDT"]
[Termination "Game drawn by repetition"]

1. e4 e5 2. Nc3 Nf6 3. Bc4 Bc5 4. d3 d6 5. h3 Nc6 6. a3 a6 7. Nge2 Be6 8. Nd5 h6 9. Ng3 Bxd5 10. exd5 Ne7 11.
Qf3 Qd7 12. O-O Nh7 13. b4 Bd4 14. Rb1 O-O 15. c3 Bb6 16. Be3 f5 17. Bxb6 cxb6 18. Bb3 Ng5 19. Qh5 Kh7 20. f4 exf4 21. Rxf4 Ng6 22. Rff1 f4 23. Bc2 Ne7 24. d4+ g6 25.
Ne4 Kg7 26. Qh4 Nxe4 27. Bxe4 g5 28. Qh5 Rac8 29. Rf3 Qe8 30. Qg4 Ng8 31. Re1 Nf6 32. Qe6 Qd8 33. h4 Rc7 34. hxg5 hxg5 35. Rh3 Rh8 36.
Rxh8 Kxh8 37. Kf2 Kg7 38. Qf5 Nxe4+ 39. Rxe4 Rf7 40. Qe6 Qf6 41. Qxf6+ Rxf6 42. Re7+ Rf7 43. Re6 Rf6 44. Re7+ Rf7 45. Re6 Rf6 46. Re7+ 1/2-1/2

[Event "GrandPrix_30.05"]
[Site "Chess.com"]
[Date "2020.05.30"]
[Round "1"]
[White "KJakubowski"]
[Black "PeshkaTheGreat"]
[Result "1-0"]
[WhiteElo "2459"]
[BlackElo "2106"]
[TimeControl "600+2"]
[EndTime "8:23:32 PDT"]
[Termination "KJakubowski won by checkmate"]

1. e4 c5 2. Nf3 d6 3. d4 cxd4 4. Nxd4 Nf6 5. Nc3 g6 6. Be2 Bg7 7. O-O O-O 8. Be3 Nc6 9. Nb3 Bd7 10. Qd2 Ng4 11. Bxg4 Bxg4 12. Bh6 Ne5 13. Bxg7 Kxg7 14. Qd4 Kg8 15. f4 Nc6 16. Qe3 Be6 17. Rad1 Qb6 18. Qxb6 axb6 19. a3 Rfc8 20. Nd4 Nxd4 21. Rxd4 Rc4 22. Rxc4 Bxc4 23. Rd1 Be6 24. Rd4 Rc8 25. Kf2 Rc4 26. Ke3 Kf8 27. Rxc4 Bxc4 28. Kd4 b5 29. g3 f6 30. e5 fxe5+ 31. fxe5 Kf7 32. exd6 exd6 33.
a4 Ke6 34. Nxb5 Be2 35. c4 b6 36. b4 Kd7 37. Nc3 Bf3 38. Nd5 Kc6 39. h4 h6 40.
Ne7+ Kd7 41. Nxg6 Bd1 42. a5 bxa5 43. bxa5 Kc6 44. Ne7+ Kc7 45. Nf5 h5 46. c5 dxc5+ 47. Kxc5 Kb7 48. Kd5 Ka6 49. Ke5 Kxa5 50. Kf4 Kb5 51. Kg5 Kc5 52. Ng7 Kd5 53. Nxh5 Ke6 54. Nf4+ Kf7 55. g4 Kg7 56. Ne6+ Kh7 57. Nd4 Kg7 58. h5 Kh7 59. Nf5 Be2 60. Ng3 Bd1 61. Kf5 Kg7 62. g5 Bc2+ 63. Kf4 Bd1 64. Nf5+ Kh8 65. h6 Kh7 66. Ne7 Bc2 67. Ke5 Bb1 68. Kf6 Bc2 69. Nd5 Bb1 70. Ne3 Be4 71. Nf5 Bd3 72. g6+ Kh8 73. Nd6 Kg8 74. h7+ Kh8 75.
Nf7# 1-0

[Event "GrandPrix_30.05"]
[Site "Chess.com"]
[Date "2020.05.30"]
[Round "1"]
[White "Pultis"]
[Black "Vesper2018"]
[Result "1/2-1/2"]
[WhiteElo "2249"]
[BlackElo "1947"]
[TimeControl "600+2"]
[EndTime "8:23:32 PDT"]
[Termination "Game drawn by repetition"]

1. d4 Nf6 2. c4 g6 3. g3 Bg7 4. Bg2 O-O 5. Nf3 d6 6. O-O Nc6 7. Nc3 a6 8. b3 Rb8 9. e3 b5 10.
Qe2 bxc4 11. bxc4 Na5 12. Ba3 c6 13. Rab1 Bg4 14. Rxb8 Qxb8 15. h3 Be6 16. Nd2 Nd7 17. Rb1 Qc7 18. Na4 f5 19. d5 Bf7 20. dxc6 Nxc6 21. c5 Nxc5 22. Nxc5 dxc5 23. Bxc5 a5 24.
Bb6 Qd7 25. Nb3 Rb8 26. Nc5 Qc8 27. Rb5 Ne5 28. Bxa5 Bc4 29. Rxb8 Qxb8 30. Qc2 Qb5 31. Nb3 Bd5 32. e4 fxe4 33. Bxe4 Nf3+ 34. Bxf3 Bxf3 35.
Nd2 Bb7 36. Qb3+ Qxb3 37. axb3 Kf7 38. Kf1 Ba6+ 39. Nc4 Ke6 40. Ke2 Kd5 41. Kd3 Bd4 42. f3 e5 43. g4 h5 44. Bd2 hxg4 45. hxg4 Bb5 46. Be3 Ba1 47. Ba7 Ba6 48. Be3 Bb5 49. Bf2 Ba6 50. Be1 Bd4 51. Bc3 Bc5 52. Bb2 Bb5 53. Bc1 Bd4 54. Ba3 Ba6 55. Bb4 Bb5 56. Bc3 Bc5 57. Bd2 Bd4 58. Be3 Ba1 1/2-1/2

[Event "GrandPrix_30.05"]
[Site "Chess.com"]
[Date "2020.05.30"]
[Round "1"]
[White "Sakkcapak"]
[Black "MilanovicDan"]
[Result "1-0"]
[WhiteElo "2150"]
[BlackElo "2357"]
[TimeControl "600+2"]
[EndTime "8:23:34 PDT"]
[Termination "Sakkcapak won by resignation"]

1. c4 c5 2. g3 g6 3. Bg2 Bg7 4.
Nc3 Nc6 5. a3 d6 6. Rb1 Be6 7. d3 Rc8 8. Bd2 Nf6 9. Nf3 O-O 10.
O-O h6 11. b4 b6 12. Qa4 Qd7 13. Rfc1 Bg4 14. Be3 Bxf3 15. Bxf3 Nd4 16. Bxd4 Qxa4 17. Nxa4 cxd4 18. c5 b5 19. Nb2 d5 20. a4 a6 21.
Ra1 Rc6 22. axb5 axb5 23. Ra7 e5 24. Rb7 Ra8 25. Rxb5 Bf8 26. h3 Kg7 27. Rb7 Ra2 28. Rc2 Ra8 29. Bg2 Kg8 30. Nc4 Bxc5 31. Nxe5 Rb6 32.
Rxb6 Bxb6 33. Rc6 Bd8 34. Rc2 Kf8 35. Rb2 Bb6 36. Kh2 Ke7 37. b5 Kd6 38. Nxf7+ Ke6 39. Nxh6 Rh8 40. Rc2 Ke7 41. Rc6 Ba5 42. Ra6 Bc7 43.
Ra7 Ne8 44. Ng4 Ke6 45. Ra6+ Bd6 46. b6 Rh7 47. Ra7 Rh8 48. Ra8 Kd7 49. Nf6+ 1-0